 Dungeon Crawl Stone Soup version 0.29.1-15-g9cfb28693d (webtiles) character file.

Game seed: 17605681664479042716

776 KamiKatze the Conjurer (level 7, -10/36 HPs)
             Began as a Deep Elf Conjurer on Mar 21, 2023.
             Mangled by a gnoll sergeant
             ... wielding a +0 trident
              (16 damage)
             ... on level 4 of the Dungeon on Mar 25, 2023.
             The game lasted 00:20:55 (4808 turns).

KamiKatze the Conjurer (Deep Elf Conjurer)          Turns: 4808, Time: 00:20:56

Health: -10/36     AC:  2    Str:  4    XL:     7   Next: 54%
Magic:  12/17      EV: 12    Int: 25    God:
Gold:   149        SH:  0    Dex: 13    Spells: 0/17 levels left

rFire   . . .      SeeInvis .   a - +1 short sword (drain)
rCold   . . .      Faith    .   (no shield)
rNeg    . . .      Spirit   .   c - +0 robe
rPois   .          Reflect  .   (no helmet)
rElec   .          Harm     .   u - scarf {repulsion}
rCorr   .          Rampage  .   (no gloves)
Will    .....                   (no boots)
Stlth   ++........              (no amulet)
HPRegen 0.12/turn               (no ring)
MPRegen 0.15/turn               (no ring)

@: repel missiles
A: no striking features
a: no special abilities


You were on level 4 of the Dungeon.
You visited 1 branch of the dungeon, and saw 4 of its levels.

You collected 177 gold pieces.
You spent 28 gold pieces at shops.

Inventory:

Hand Weapons
 a - a +1 short sword of draining (weapon)
 b - a +0 dagger
 g - a +0 spear
 s - a +1 dagger of venom
Missiles
 i - 5 poisoned darts
Armour
 c - a +0 robe (worn)
 o - a +0 buckler
 u - a scarf of repulsion (worn)
Wands
 e - a wand of mindburst (1)
 n - a wand of roots (3)
Scrolls
 f - a scroll of butterflies
 j - 2 scrolls of magic mapping
 l - a scroll of teleportation
 m - 4 scrolls of fear
 p - a scroll of enchant weapon
 r - a scroll of identify
Potions
 d - a potion of curing
 h - a potion of magic
 k - 2 potions of heal wounds
 q - a potion of lignification {unknown}
 t - a potion of berserk rage {unknown}


   Skills:
 - Level 3.0 Dodging
 - Level 3.0 Stealth
 * Level 5.9 Spellcasting
 * Level 6.1 Conjurations
 * Level 5.0 Hexes
 * Level 4.1 Translocations
 + Level 1.9 Evocations


You couldn't memorise any spells.
You knew the following spells:

 Your Spells              Type           Power      Damage    Failure   Level
a - Magic Dart            Conj           100%       1d8       1%          1
b - Searing Ray           Conj           76%        2d7       1%          2
c - Fulminant Prism       Conj/Hex       17%        3d11      8%          4
d - Iskenderun's Mystic   Conj/Tloc      33%        2d8       9%          4
e - Iron Shot             Conj/Erth      11%        9d3       97%         6

Your spell library contained the following spells:

 Spells                   Type           Power      Damage    Failure   Level
 Shock                    Conj/Air       88%        1d8       2%          1
 Dazzling Flash           Conj/Hex       70%        N/A       2%          3
 Gell's Gravitas          Tloc           27%        N/A       4%          3
 Lesser Beckoning         Tloc           27%        N/A       4%          3
 Teleport Other           Tloc           27%        N/A       4%          3
 Beastly Appendage        Tmut           14%        N/A       8%          1
 Wereblood                Tmut           7%         N/A       12%         2
 Iskenderun's Battlesphe  Conj           38%        2d9       16%         5
 Spider Form              Tmut/Pois      7%         N/A       22%         3
 Swiftness                Air            7%         N/A       22%         3
 Airstrike                Air            3%         2d(1-17)  58%         4
 Spellforged Servitor     Conj/Summ      11%        N/A       100%        7


Dungeon Overview and Level Annotations

Branches:
Dungeon (4/15)
 Temple: D:4-7

Altars:
Hepliaklqana

Shops:
D:2 ?

Annotations:
D:3 2 transporters, ikuliku's ghost, amateur DECj


Message History

Your fulminant prism explodes!
You feel a bit more experienced.
Your Hexes skill increases to level 5!
Autopickup is now off.
Autopickup is now on.
Found a +0 dagger.
A kobold comes into view.
It is wielding a +1 short sword of electrocution.
The kobold shouts!
The kobold hits you with a +1 short sword of electrocution.
You are electrocuted!
You barely miss the kobold. You hit the kobold.
The kobold is moderately wounded.
The kobold hits you with a +1 short sword of electrocution.
You are electrocuted!
* * * LOW HITPOINT WARNING * * *
You are too injured to fight recklessly!
Unknown command.
Casting: Fulminant Prism (quite dangerous; 8% risk of failure)
Confirm with . or Enter, or press ? or * to list all spells.
The spell is quite dangerous to miscast (9% risk of failure)!
Continue anyway?
You miscast Iskenderun's Mystic Blast.
You are very lightly contaminated with residual magic.
Nothing appears to happen.
The kobold hits you with a +1 short sword of electrocution.
* * * LOW HITPOINT WARNING * * *
Unknown command.
Casting: Iskenderun's Mystic Blast (quite dangerous; 9% risk of failure)
Confirm with . or Enter, or press ? or * to list all spells.
The spell is quite dangerous to miscast (9% risk of failure)!
Continue anyway?
You erupt in a blast of force!
The mystic blast hits the kobold!
You kill the kobold!
Unknown command.
Things that are here:
a +0 dagger; a +0 robe; an orc corpse Your magical contamination has completely faded away.
A gnoll comes into view. It is wielding a +0 spear.
The gnoll sergeant shouts!
The gnoll shouts!
The gnoll sergeant hits you from afar with a +0 trident!
You die...

#.#.###.#######...#########......
#.#.###..##...........##.......#.
..#......................##.##.#.
..#...###.......g.....#..##....#.
......#.#....#[....####..##.##.#.
....###.#'#..#..g..# #..##.##.#.
##..#.....#.##.g...# #.......>..
##.###.###.##..[..# #.###.#....
#...#.#...##).@.(# #.###.#.##.
###...###........### #..........
....#..[..#####..# ###.#.#..##
#.###...#.#####..########.#......
......##..#.............#...##.##
#.##.#........#.####........##.#
..##.#.#..........>............#
##.........##.#####..##..[....##
#.#######.##.#####..##.......#


You could see a gnoll sergeant and 2 gnolls.

Vanquished Creatures
  2 phantoms (D:4)
  A scorpion (D:4)
  A hound (D:4)
  2 orc priests (D:2)
  Jessica (D:3)
  Ijyb (D:3)
  Natasha (thrice) (D:3)
  An iguana (D:4)
  5 orc wizards
  11 gnolls
  3 dart slugs
  7 orcs
  8 endoplasms
  3 giant cockroaches
  8 goblins
  11 hobgoblins
  8 jackals (D:2)
  5 kobolds
  2 quokkas
  6 ball pythons
  2 bats (D:1)
  3 frilled lizards
  3 rats
97 creatures vanquished.

Vanquished Creatures (others)
  17 fulminant prisms
  2 plants (D:3)
19 creatures vanquished.

Grand Total: 116 creatures vanquished

Notes
Turn   | Place    | Note
-------+----------+-------------------------------------------
     0 | D:1      | KamiKatze the Deep Elf Conjurer began the quest for the
                  | Orb.
     0 | D:1      | Reached XP level 1. HP: 10/10 MP: 6/6
   148 | D:1      | Reached XP level 2. HP: 8/15 MP: 2/8
   328 | D:1      | Reached skill level 1 in Hexes
   682 | D:1      | Reached skill level 1 in Translocations
   753 | D:1      | Reached XP level 3. HP: 19/19 MP: 2/9
   757 | D:1      | Learned a level 2 spell: Searing Ray
   976 | D:2      | Reached XP level 4. HP: 22/24 MP: 7/11
   980 | D:2      | Reached skill level 5 in Conjurations
  1350 | D:2      | Found Nememufi's Magic Scroll Shoppe.
  1354 | D:2      | Bought a scroll of identify for 28 gold pieces
  1356 | D:2      | Identified a scroll of acquirement
  1359 | D:2      | Acquired a book of Power
  1482 | D:2      | Learned a level 4 spell: Fulminant Prism
  1487 | D:2      | Learned a level 4 spell: Iskenderun's Mystic Blast
  1514 | D:2      | You fall into a shaft and drop 1 floor!
  1573 | D:3      | Noticed Jessica
  1574 | D:3      | Killed Jessica
  1575 | D:3      | Reached XP level 5. HP: 25/28 MP: 10/13
  1658 | D:3      | Found a transporter.
  1688 | D:3      | Noticed Ijyb
  1719 | D:3      | Noticed Natasha
  2228 | D:3      | Killed Ijyb
  2289 | D:3      | Found a hazy altar of Hepliaklqana.
  2443 | D:3      | Found a transporter.
  2663 | D:3      | Reached XP level 6. HP: 32/32 MP: 8/15
  2897 | D:3      | Noticed ikuliku's ghost (amateur DECj)
  3013 | D:3      | Killed Natasha
  3428 | D:4      | HP: 1/32 [gnoll/+0 flail (9)]
  3547 | D:3      | Noticed Natasha
  3550 | D:3      | Killed Natasha
  3551 | D:3      | Reached skill level 5 in Spellcasting
  3633 | D:3      | Noticed Natasha
  3637 | D:3      | Killed Natasha
  3714 | D:4      | Reached skill level 1 in Evocations
  3880 | D:4      | Reached XP level 7. HP: 36/36 MP: 12/17
  4131 | D:4      | Reached skill level 6 in Conjurations
  4596 | D:4      | Learned a level 6 spell: Iron Shot
  4764 | D:4      | Reached skill level 5 in Hexes
  4808 | D:4      | Mangled by a gnoll sergeant

Illustrated notes

Levels and vault maps discovered:
D:1:      ebering_trefoil_twist, layout_loops_ring
D:2:      layout_basic, serial_shops, shop
D:3:      corexii_shack_village, layout_basic, pf_just_have_faith,
          gammafunk_ghost_stat_death, uniq_jessica, uniq_natasha, uniq_ijyb
D:4:      layout_loops_cross, minmay_a_box_with_orc_wizards_in_it

Skill      XL: |  1  2  3  4  5  6  7 |
---------------+----------------------+-----
Hexes          | 1 2 3 4 5 |  5.0
Translocations | 1 2 3 4 |  4.1
Stealth        | 3 |  3.0
Dodging        | 3 |  3.0
Spellcasting   | 4 5 |  5.9
Conjurations   | 5 6 |  6.1
Evocations     | 1 |  1.9

Action                   |  1- 3 |  4- 6 |  7- 9 || total
-------------------------+-------+-------+-------++-------
Melee: Dagger            |    18 |       |       ||    18
       Short sword       |       |    18 |     2 ||    20
 Cast: Magic Dart        |    47 |    37 |    13 ||    97
       Searing Ray       |     3 |    17 |     2 ||    22
       Fulminant Prism   |       |     8 |     9 ||    17
       Iskenderun's Myst |       |     1 |     2 ||     3
  Use: Scroll            |       |     9 |       ||     9
 Stab: Sleeping          |     1 |     4 |       ||     5
Armor: Robe              |     4 |     5 |       ||     9
Dodge: Dodged            |    14 |    25 |     4 ||    43
